 Dungeon Crawl Stone Soup version 0.26.1-11-gd32895ea62 (webtiles) character file.

Game seed: 8435215423478421659

65 kagor the Cutter (level 4, -6/46 HPs)
             Began as an Octopode Berserker on May 4, 2021.
             Was a Believer of Trog.
             Mangled by Sigmund
             ... wielding a +0 scythe
              (13 damage)
             ... on level 2 of the Dungeon.
             The game lasted 00:09:15 (983 turns).

kagor the Cutter (Octopode Berserker)                Turns: 983, Time: 00:09:16

Health: -6/46      AC:  1    Str: 17    XL:     4   Next: 13%
Magic:  4/4        EV: 14    Int:  9    God:    Trog [**....]
Gold:   107        SH:  5    Dex: 11    Spells: 3/3 levels left

rFire    . . .     SeeInvis .   k - +0 dagger (venom)
rCold    . . .     Faith    .   (no shield)
rNeg     . . .     Spirit   .   (helmet restricted)
rPois    .         Reflect  +   d - amulet of reflection
rElec    .         Harm     .   (no ring)
rCorr    .         Rampage  .   (no ring)
Will     .....                  (no ring)
Stlth    ..........             (no ring)
HPRegen  0.15/turn              (no ring)
MPRegen  0.09/turn              (no ring)
                                (no ring)
                                (no ring)

@: berserking, very quick
A: almost no armour, stealthy swim, amphibious, 8 rings, constrict 8, camouflage
1, gelatinous body 1
a: Renounce Religion, Berserk, Trog's Hand


You were on level 2 of the Dungeon.
You worshipped Trog.
Trog was pleased with you.
You visited 1 branch of the dungeon, and saw 2 of its levels.

You collected 107 gold pieces.

Inventory:

Hand Weapons
 c - a +0 hunting sling
 k - a +0 dagger of venom (weapon)
Missiles
 b - 38 sling bullets
 e - 10 poisoned darts
 g - 13 arrows
Jewellery
 d - an amulet of reflection (around mantle)
Scrolls
 i - a scroll of remove curse
 j - a scroll of teleportation
Potions
 f - a potion of flight


   Skills:
 + Level 3.4 Fighting
 + Level 3.9 Short Blades
 + Level 0.3 Slings
 + Level 3.4 Dodging
 + Level 1.5 Stealth
 + Level 0.1 Shields


You had 3 spell levels left.
You didn't know any spells.
Your spell library was empty.

Dungeon Overview and Level Annotations

Branches:
Dungeon (2/15)

Altars:

Annotations:
D:2 Sigmund


Innate Abilities, Weirdness & Mutations

You cannot wear most types of armour.
You are very stealthy in the water. (Stealth+)
You are amphibious.
You can wear up to eight rings at the same time.
You can use your tentacles to constrict eight enemies at once.
Your skin changes colour to match your surroundings (Stealth+).
Your rubbery body absorbs attacks. (AC +1, EV +1)


Message History

Natasha is heavily wounded.
You constrict Natasha. Natasha closely misses you.
You hit Natasha.
Natasha looks as sick as possible!
Natasha is almost dead.
You constrict Natasha, but do no damage.
You kill Natasha!
Trog accepts your kill.
Trog appreciates your killing of a magic user.
You hear a faint echoing roar filled with hate and sorrow!
You have reached level 4!
You block the kobold's attack.
You see here the felid corpse of Natasha.
You puncture the kobold!
You kill the kobold!
Trog accepts your kill. Something barely misses you.
The hobgoblin closely misses you.
You see here a +0 whip.
You miss something. Something hits you!
You die...

### #######.# ......(.#
########†#
.......#@################
.......g{.(..............
......................###
######.#.#.#.########.##
#####..(..# #..# #..(..#
##.## #.....# #...
#.....# #.## ......# #..


You could see a hobgoblin.

Vanquished Creatures
  Natasha (D:2)
  An ooze (D:1)
  2 dart slugs (D:2)
  A leopard gecko (D:1)
  A giant cockroach (D:1)
  4 goblins
  4 hobgoblins
  3 jackals (D:2)
  7 kobolds
  A ball python (D:1)
  2 bats (D:2)
  2 rats (D:1)
29 creatures vanquished.

Notes
Turn   | Place    | Note
-------+----------+-------------------------------------------
     0 | D:1      | kagor the Octopode Berserker began the quest for the Orb.
     0 | D:1      | Reached XP level 1. HP: 16/16 MP: 1/1
   151 | D:1      | Reached XP level 2. HP: 21/21 MP: 2/2
   847 | D:2      | Reached XP level 3. HP: 21/26 MP: 3/3
   873 | D:2      | Reached skill level 1 in Stealth
   954 | D:2      | Noticed Sigmund
   967 | D:2      | Noticed Natasha
   977 | D:2      | Reached ** piety under Trog
   979 | D:2      | Killed Natasha
   980 | D:2      | Reached XP level 4. HP: 7/31 MP: 4/4
   983 | D:2      | Mangled by Sigmund

Illustrated notes

Levels and vault maps discovered:
D:1:      minmay_arrival_three_doors, layout_basic
D:2:      layout_basic, nicolae_overflow_hidden_temple, minmay_misc_feat_square,
          uniq_natasha, uniq_sigmund

Skill      XL: |  1  2  3 |
---------------+----------+-----
Stealth        | 1 |  1.5
Fighting       | |  3.4
Short Blades   | |  3.9
Slings         | |  0.3
Dodging        | |  3.4
Shields        | |  0.1

Action                   |  1- 3 |  4- 6 || total
-------------------------+-------+-------++-------
Melee: Short sword       |    31 |       ||    31
       Constrict         |    19 |       ||    19
       Tentacles         |     8 |       ||     8
       Dagger            |    22 |     2 ||    24
 Fire: Hunting sling     |    10 |       ||    10
Invok: Berserk           |     1 |       ||     1
  Use: Potion            |     3 |       ||     3
       Scroll            |     4 |       ||     4
 Stab: Sleeping          |     4 |       ||     4
Armor: Skin              |     4 |       ||     4
Dodge: Dodged            |    45 |     2 ||    47
Block: Other             |     6 |     1 ||     7
